 Dungeon Crawl Stone Soup version 0.29-a0-362-g5854e031c7 (webtiles) character file.

Game seed: 13636599489973722948

1137 kevlar127 the Ruffian (level 8, -2/81 HPs)
             Began as a Troll Berserker on Apr 29, 2022.
             Was a Priest of Trog.
             Slain by a gnoll sergeant
             ... wielding a +0 spear
              (9 damage)
             ... on level 5 of the Dungeon.
             The game lasted 00:09:37 (3660 turns).

kevlar127 the Ruffian (Troll Berserker)             Turns: 3660, Time: 00:09:38

Health: -2/81      AC:  4    Str: 28    XL:     8   Next: 14%
Magic:  7/7        EV: 10    Int:  5    God:    Trog [***...]
Gold:   268        SH:  0    Dex:  9    Spells: 7/7 levels left

rFire   + . .      SeeInvis .     - Unarmed
rCold   x . .      Faith    .   (no shield)
rNeg    . . .      Spirit   .   a - +0 animal skin
rPois   .          Reflect  .   (helmet restricted)
rElec   .          Harm     .   (no cloak)
rCorr   .          Rampage  .   (gloves unavailable)
Will    ++...                   (boots unavailable)
Stlth   +.........              (no amulet)
HPRegen 2.03/turn               q - ring of Ihugirpha {Fire Int+2}
MPRegen 0.10/turn               (no ring)

@: strong-willed, regenerating
A: large, unfitting armour, claws 3, regeneration 1, shaggy fur 1, tough skin 1
a: Renounce Religion, Berserk, Trog's Hand


You were on level 5 of the Dungeon.
You worshipped Trog.
Trog was most pleased with you.
You visited 1 branch of the dungeon, and saw 5 of its levels.

You collected 268 gold pieces.

Inventory:

Missiles
 l - 139 stones
 r - 3 boomerangs (quivered)
 s - 2 throwing nets
 u - 2 boomerangs of dispersal
Armour
 a - a +0 animal skin (worn)
Jewellery
 q - the ring of Ihugirpha (left claw) {Fire Int+2}
   (You found it on level 3 of the Dungeon)

   [ring of fire]

   It enhances your fire magic.
   Int:       It affects your intelligence (+2).
   rF:        It protects you from fire.
   rC:        It makes you vulnerable to cold.
Scrolls
 b - 5 scrolls of torment {unknown}
 c - 10 scrolls of identify
 d - 2 scrolls of silence {unknown}
 e - 5 scrolls of fog {unknown}
 h - a scroll of enchant armour {unknown}
 i - 3 scrolls of amnesia {unknown}
 j - 2 scrolls of fear {unknown}
 k - 2 scrolls of brand weapon {unknown}
 m - a scroll of vulnerability
 n - a scroll of summoning {unknown}
 p - 2 scrolls of teleportation {unknown}
Potions
 f - 2 potions of brilliance {unknown}
 g - a potion of degeneration {unknown}
 o - 2 potions of flight {unknown}
 t - a potion of experience {unknown}
 v - a potion of haste {unknown}
 w - a potion of heal wounds {unknown}


   Skills:
 + Level 5.6 Fighting
 + Level 3.2 Throwing
 - Level 3.0 Dodging
 + Level 6.7 Unarmed Combat


You had 7 spell levels left.
You didn't know any spells.
Your spell library was empty.

Dungeon Overview and Level Annotations

Branches:
Dungeon (5/15)
 Temple: D:4-7

Altars:
Fedhas
Gozag
Makhleb
Sif Muna
Uskayaw


Innate Abilities, Weirdness & Mutations

You are too large for most types of armour.
You have claws for hands.
Your natural rate of healing is unusually fast.
You are covered in fur. (AC +1)
You have tough skin. (AC +1)


Message History

The gnoll hits you with a +0 flail.
You barely miss the gnoll.
The gnoll is almost dead.
The gnoll sergeant hits you from afar with a +0 spear!
A gnoll comes into view. It is wielding a +0 whip.
The gnoll hits you with a +0 flail!
You are too injured to fight recklessly!
You are too injured to fight recklessly!
You are too injured to fight recklessly!
You are too injured to fight recklessly!
You are too injured to fight recklessly!
You are too injured to fight recklessly!
You are too injured to fight recklessly!
Unknown command.
The gnoll hits you with a +0 flail. The gnoll attacks as you move away!
The gnoll hits you with a +0 flail!
* * * LOW HITPOINT WARNING * * *
The gnoll hits you with a +0 flail!
* * * LOW HITPOINT WARNING * * *
The gnoll attacks as you move away! The gnoll hits you with a +0 flail.
* * * LOW HITPOINT WARNING * * *
Found 2 glowing ruby potions.
Your skin crawls.
You feel strong-willed.
Unknown command.
You barely miss the gnoll. You claw the gnoll.
The gnoll is moderately wounded.
The gnoll sergeant barely misses you. The gnoll barely misses you.
You closely miss the gnoll.
The gnoll is moderately wounded.
The gnoll sergeant hits you from afar with a +0 spear!
* * * LOW HITPOINT WARNING * * *
The gnoll barely misses you.
You mangle the gnoll!!
You kill the gnoll!
Trog accepts your kill.
The gnoll sergeant hits you from afar with a +0 spear!
* * * LOW HITPOINT WARNING * * *
The gnoll sergeant hits you with a +0 spear!
You die...

....## ##.............#
...## #.....#.........
...# #.....>....# ...#
#...##.....#.. ...#
#...##...g....# ...#
#...)..?.####.#.
...#######..#..g.........
............#.#g##.......
................@........
..........###..###.......
...######## #.$# .....!.
...# #.... .#####. ...#
##.##### ...# ... ...#
#.#. .... #... ###


You could see a gnoll sergeant and a gnoll.

Vanquished Creatures
  Sigmund (D:5)
  An ogre (D:5)
  A phantom (D:5)
  3 scorpions
  2 hounds
  7 orc priests
  3 iron imps (D:3)
  2 iguanas
  An orc wizard (D:3)
  Terence (D:3)
  7 gnolls
  3 adders
  A shadow imp (D:5)
  A dart slug (D:2)
  22 orcs
  7 endoplasms
  2 giant cockroaches
  9 goblins
  6 hobgoblins
  8 kobolds
  2 quokkas
  6 ball pythons
  2 bats
  A frilled lizard (D:1)
  6 rats
105 creatures vanquished.

Notes
Turn   | Place    | Note
-------+----------+-------------------------------------------
     0 | D:1      | kevlar127 the Troll Berserker began the quest for the Orb.
     0 | D:1      | Reached XP level 1. HP: 22/22 MP: 0/0
   129 | D:1      | Found a faded altar of an unknown god.
   136 | D:1      | Reached XP level 2. HP: 29/29 MP: 1/1
   701 | D:2      | Reached XP level 3. HP: 36/36 MP: 2/2
  1111 | D:3      | Reached ** piety under Trog
  1122 | D:3      | Reached XP level 4. HP: 43/45 MP: 3/3
  1124 | D:3      | Reached skill level 4 in Unarmed Combat
  1471 | D:3      | Found an opulent altar of Gozag.
  1578 | D:3      | Noticed a scorpion
  1583 | D:3      | Killed a scorpion
  1584 | D:3      | Reached XP level 5. HP: 39/54 MP: 4/4
  1777 | D:3      | Found a blossoming altar of Fedhas.
  1777 | D:3      | Found a shimmering blue altar of Sif Muna.
  1788 | D:3      | Noticed Terence
  1798 | D:3      | Killed Terence
  1799 | D:3      | Found a burning altar of Makhleb.
  1817 | D:3      | Reached skill level 5 in Unarmed Combat
  1817 | D:3      | Reached XP level 6. HP: 59/62 MP: 5/5
  2011 | D:3      | Identified the ring of Ihugirpha {Fire Int+2}
  2685 | D:4      | Reached skill level 1 in Throwing
  2721 | D:4      | Reached XP level 7. HP: 52/71 MP: 6/6
  2910 | D:4      | Found a hide-covered altar of Uskayaw.
  3040 | D:5      | Entered Level 5 of the Dungeon
  3044 | D:5      | Reached *** piety under Trog
  3058 | D:5      | Reached skill level 6 in Unarmed Combat
  3062 | D:5      | Reached skill level 5 in Fighting
  3334 | D:5      | Noticed Sigmund
  3344 | D:5      | Killed Sigmund
  3485 | D:5      | Reached XP level 8. HP: 81/81 MP: 7/7
  3660 | D:5      | Slain by a gnoll sergeant

Illustrated notes

Levels and vault maps discovered:
D:1:      lemuel_arrival_funnel, layout_basic,
          shapermc_ecumenical_altar_totnotflames
D:2:      layout_rooms
D:3:      cheibrodos_old_hovel, layout_basic, nicolae_overflow_hidden_temple,
          demons_altar, uniq_terence
D:4:      nicolae_cairo_tiling_large, layout_rooms, nicolae_uskayaw_suspiria
D:5:      layout_loops_cross, kennysheep_generic_room_8, uniq_sigmund

Skill      XL: |  1  2  3  4  5  6  7  8 |
---------------+-------------------------+-----
Fighting       | 3 4 5 |  5.6
Dodging        | 3 |  3.0
Unarmed Combat | 4 5 6 |  6.7
Throwing       | 1 2 3 |  3.2

Action                   |  1- 3 |  4- 6 |  7- 9 || total
-------------------------+-------+-------+-------++-------
Melee: Unarmed           |    79 |   128 |    78 ||   285
       Punch             |     1 |     3 |     3 ||     7
Throw: Boomerang         |       |     5 |     5 ||    10
Invok: Trog's Hand       |       |     2 |     1 ||     3
  Use: Scroll            |       |       |     1 ||     1
Armor: Animal skin       |    20 |    33 |    12 ||    65
Dodge: Dodged            |    37 |    58 |    35 ||   130

Table legend: (Time is in decaauts)
 A = Elapsed time spent in this place.
 B = Non-inter-level travel time spent in this place.
 C = Inter-level travel time spent in this place.
 D = Time resting spent in this place.
 E = Time spent auto-exploring this place.
 F = Levels seen in this place.
 G = Mean time per level.
                   A        B        C        D        E       F      G
               +--------+--------+--------+--------+--------+-----+--------+
         Total |   3636 |   3508 |    128 |    787 |   2067 |   5 |  727.2 |
       Dungeon |   3636 |   3508 |    128 |    787 |   2067 |   5 |  727.2 |
               +--------+--------+--------+--------+--------+-----+--------+

Top non-repeatable levels by time:
     D:3: 1094 daAuts
     D:4: 835 daAuts
     D:5: 613 daAuts
     D:1: 613 daAuts
     D:2: 479 daAuts
